 Dungeon Sprint DCSS version 0.31.0-12-g77e489cdc1 (webtiles) character file.

Game seed: 14073584369604080364

515 Heoruswealwe the Spear-Bearer (level 7, -18/71 HPs)
             Began as a Minotaur Fighter on Feb 15, 2024.
             Was an Initiate of Gozag.
             Demolished by a two-headed ogre
             ... wielding a +0 giant club
              (20 damage)
             ... in the Dungeon (Sprint IX: "|||||||||||||||||||||||||||||").
             The game lasted 00:01:44 (142 turns).

Heoruswealwe the Spear-Bearer (Minotaur Fighter)     Turns: 142, Time: 00:01:46

Health: -18/71     AC: 17    Str: 22    XL:     7   Next: 0%
Magic:  6/6        EV:  9    Int:  5    God:    Gozag
Gold:   0          SH:  0    Dex: 10    Spells: 6/6 levels left

rFire   . . .        b - +13 scythe of Curses {drain, curses, ^Drain}
rCold   . . .        (shield currently unavailable)
rNeg    . . .        c - +0 plate armour
rPois   .            (helmet restricted)
rElec   .            h - +0 cloak
rCorr   .            (no gloves)
SInv    .            e - +0 pair of boots
Will    .....        (no amulet) Stlth
                     k - +2 ring of evasion
HPRegen 0.31/turn    (no ring)
MPRegen 0.10/turn

%: no teleportation
@: gold aura, slowed, very slow
A: horns 2, retaliatory headbutt
a: Renounce Religion, Potion Petition, Call Merchant, Bribe Branch


You were in the Dungeon.
You worshipped Gozag.
Gozag was noncommittal.
You visited 1 branch

Inventory:

Hand Weapons
 a - a +0 trident
 b - the +13 scythe of Curses (weapon) {drain, curses, ^Drain}
   (You found it in the Dungeon)

   ^Drain:    It drains your maximum health when unequipped.
Armour
 c - a +0 plate armour (worn)
 d - a +0 buckler
 e - a +0 pair of boots (worn)
 h - a +0 cloak (worn)
Jewellery
 k - a +2 ring of evasion (left hand)
Wands
 l - a wand of roots (10)
Scrolls
 j - 2 scrolls of blinking
Potions
 f - 3 potions of heal wounds
 g - a potion of haste
 i - a potion of berserk rage
 m - 3 potions of curing
 n - a potion of might


   Skills:
 + Level 9.7 Fighting
 * Level 12.8 Polearms
 + Level 9.7 Armour
 - Level 3.6 Shields


You had 6 spell levels left.
You didn't know any spells.
Your spell library was empty.

Dungeon Overview and Level Annotations

Branches:
Dungeon (1/1)

Altars:
Cheibriados
Dithmenos
Elyvilon
Fedhas
Gozag
Hepliaklqana
Kikubaaqudgha
Makhleb
Nemelex Xobeh
Okawaru
Qazlal
Ru
Sif Muna
Trog
Uskayaw
Vehumet
Wu Jian
Xom
Yredelemnul
Zin
The Shining One
Jiyva
Lugonu


Innate Abilities, Weirdness & Mutations

You have a pair of horns on your head.
You reflexively headbutt those who attack you in melee.


Message History

The komodo dragon bites you!
You slice the komodo dragon!!
You kill the komodo dragon!
The hornet stings you.
You feel yourself slow down.
Your Fighting skill increases to level 9!
Your Polearms skill gained 2 levels and is now at level 12!
Your Armour skill increases to level 9!
You have reached level 7!
You closely miss the hornet. Your headbutt misses the hornet.
The hornet stings you but does no damage.
The hornet stings you!
You are poisoned.
You feel as though you will be slow longer.
The wyvern is distracted by your dazzling golden aura.
The hornet closely misses you. You furiously retaliate!
You headbutt the hornet.
You feel better.
The hornet stings you but does no damage.
The hornet barely misses you. You furiously retaliate!
You headbutt the hornet! You completely miss the hornet.
The hornet is moderately wounded.
The hornet stings you but does no damage.
The hornet closely misses you. The hornet stings you!
* * * LOW HITPOINT WARNING * * *
You suddenly lose the ability to move!
The hornet stings you.
* * * LOW HITPOINT WARNING * * *
You are poisoned.
You feel as though you will be slow longer.
You can move again.
You feel better.
The wyvern is no longer distracted by gold.
The hornet stings you but does no damage.
The hornet barely misses you.
You slash the hornet! You drain the hornet.
You kill the hornet!
The two-headed ogre hits you with a +0 giant club!!
* * * LOW HITPOINT WARNING * * *
The two-headed ogre hits you with a +0 giant club!!
You die...
Your body crumbles into a pile of gold. ▓▓▓▓▓▓▓▓▓▓▓▓▓▓▓▓▓▓▓▓▓▓▓▓ _______'!?)[=...@O9k.... ▓▓▓▓▓▓▓▓▓▓▓▓▓▓▓▓▓▓▓▓▓▓▓▓

You could see a two-headed ogre, a wyvern and a gargoyle.

Vanquished Creatures
  A komodo dragon (D)
  A hornet (D)
  A yak (D)
  A phantom (D)
  An iguana (D)
  An adder (D)
  2 white imps (D)
  A giant cockroach (D)
  A hobgoblin (D)
  A bat (D)
  A frilled lizard (D)
  A rat (D)
13 creatures vanquished.

Notes
Turn   | Place    | Note
-------+----------+-------------------------------------------
     0 | D        | Heoruswealwe the Minotaur Fighter began the quest for the
                  | Orb.
     0 | D        | Reached XP level 1. HP: 19/19 MP: 0/0
     7 | D        | Reached skill level 3 in Polearms
    20 | D        | Noticed a phantom
    20 | D        | Noticed an iguana
    24 | D        | Killed a phantom
    25 | D        | Reached skill level 7 in Polearms
    25 | D        | Reached XP level 2. HP: 28/30 MP: 1/1
    25 | D        | Reached XP level 3. HP: 35/37 MP: 2/2
    25 | D        | Reached XP level 4. HP: 42/44 MP: 3/3
    33 | D        | Reached skill level 8 in Polearms
    48 | D        | Found a snail-covered altar of Cheibriados.
    48 | D        | Found a shadowy altar of Dithmenos.
    48 | D        | Found a white marble altar of Elyvilon.
    48 | D        | Found a blossoming altar of Fedhas.
    48 | D        | Found an opulent altar of Gozag.
    49 | D        | Found a hazy altar of Hepliaklqana.
    50 | D        | Found a viscous altar of Jiyva.
    51 | D        | Found an ancient bone altar of Kikubaaqudgha.
    52 | D        | Found a corrupted altar of Lugonu.
    53 | D        | Found a burning altar of Makhleb.
    54 | D        | Found a sparkling altar of Nemelex Xobeh.
    55 | D        | Found an iron altar of Okawaru.
    56 | D        | Became a worshipper of Gozag Ym Sagoz the Greedy
    57 | D        | Found a stormy altar of Qazlal.
    58 | D        | Found a sacrificial altar of Ru.
    59 | D        | Found a shimmering blue altar of Sif Muna.
    60 | D        | Found a bloodstained altar of Trog.
    61 | D        | Found a hide-covered altar of Uskayaw.
    62 | D        | Found a radiant altar of Vehumet.
    63 | D        | Found an ornate altar of the Wu Jian Council.
    64 | D        | Found a shimmering altar of Xom.
    65 | D        | Found a basalt altar of Yredelemnul.
    66 | D        | Found a glowing silver altar of Zin.
    67 | D        | Found a glowing golden altar of the Shining One.
    75 | D        | Found the +13 scythe of Curses {drain, curses, ^Drain}
   131 | D        | Noticed a yak
   131 | D        | Noticed a komodo dragon
   131 | D        | Noticed a hornet
   131 | D        | Noticed a gargoyle
   131 | D        | Noticed a two-headed ogre
   131 | D        | Noticed a wyvern
   133 | D        | Killed a yak
   134 | D        | Reached skill level 10 in Polearms
   134 | D        | Reached XP level 5. HP: 50/53 MP: 4/4
   134 | D        | Reached XP level 6. HP: 57/61 MP: 5/5
   137 | D        | Killed a komodo dragon
   138 | D        | Reached skill level 12 in Polearms
   138 | D        | Reached XP level 7. HP: 30/71 MP: 6/6
   140 | D        | Paralysed by a hornet for 2 turns
   142 | D        | Killed a hornet
   142 | D        | HP: 2/71 [two-headed ogre/+0 giant club (20)]
   142 | D        | Demolished by a two-headed ogre

Illustrated notes

Levels and vault maps discovered:
D:        linesprint [early_d, line_temple, items_1, d_10, items_2, lair_1,
          lair_end, items_3, orc_1, orc_end, items_4, d_15, swamp_1, shoals_1,
          snake_1, spider_1, d_20, vaults_1, items_5, swamp_end, shoals_end,
          snake_end, spider_end, vaults_end, d_27, items_6, zot_1, zot_end,
          crypt_end, forest_end, elf_end, slime_end, tomb_end, abyss_end,
          pan_hell_end]

Skill      XL: |  1  2  3  4  5  6 |
---------------+-------------------+-----
Polearms       | 7 10 12 | 12.8
Fighting       | 6 8 9 |  9.7
Armour         | 6 8 9 |  9.7
Shields        | |  3.6

Action                     |  1- 3 |  4- 6 |  7- 9 || total
---------------------------+-------+-------+-------++-------
  Melee: Trident           |    14 |    17 |       ||    31
         Headbutt          |     4 |     2 |       ||     6
         Scythe            |       |     6 |     3 ||     9
    Use: Potion            |       |       |     2 ||     2
 Armour: Scale mail        |    10 |     5 |       ||    15
         Plate armour      |       |     6 |     9 ||    15
  Dodge: Dodged            |     7 |     7 |     4 ||    18
  Block: Buckler           |     3 |     3 |       ||     6
